 Dungeon Crawl Stone Soup version 0.27-a0-96-gb51a1d6fd6 (webtiles) character file.

Game seed: 12583480698201131696

77515 kae the Brawler (level 15, -6/153 HPs)
             Began as a Troll Fighter on Jan 19, 2021.
             Was a High Priest of Ru.
             Killed from afar by a hell hound (15 damage)
             ... with a blast of flame
             ... led by Azrael
             ... on level 14 of the Dungeon.
             The game lasted 00:22:30 (24508 turns).

kae the Brawler (Troll Fighter)                    Turns: 24508, Time: 00:22:30

Health: -6/153     AC: 16    Str: 33    XL:     15   Next: 15%
Magic:  21/21      EV: 12    Int:  4    God:    Ru [*****.]
Gold:   1302       SH:  5    Dex:  9    Spells: 28/28 levels left

rFire    x . .     SeeInvis +     - Unarmed
rCold    + + .     Faith    .   (no shield)
rNeg     + + .     Spirit   .   P - +0 ice dragon scales
rPois    +         Reflect  +   T - +1 hat {Will+}
rElec    .         Harm     .   R - +1 cloak of the Cricket {rN+ Dex-4 Slay+4 SInv}
rCorr    .         Rampage  .   (gloves unavailable)
Will     ++++.                  (boots unavailable)
Stlth    ..........             C - amulet of reflection
HPRegen  0.75/turn              G - ring "Tufoip" {+Fly rPois Dex+4 Stlth+}
MPRegen  0.17/turn              c - ring "Bofokeet" {rPois rN+ Will++}

@: no status effects
A: large, unfitting armour, claws 3, low mp 1, regeneration 1, shaggy fur 1,
tough skin 3, no stealth, inability to use devices, hated by all, inability to
train armour
a: Renounce Religion, Draw Out Power, Power Leap, Apocalypse


You were on level 14 of the Dungeon.
You worshipped Ru.
Ru was extremely pleased with you.
You visited 3 branches of the dungeon, and saw 21 of its levels.
You also visited: Gauntlet.

You collected 1302 gold pieces.

Inventory:

Armour
 f - a +2 cloak
 m - +0 steam dragon scales
 t - a scarf of harm
 D - a +2 robe of willpower
 F - a +1 troll leather armour
 P - +0 ice dragon scales (worn)
 R - the +1 cloak of the Cricket (worn) {rN+ Dex-4 Slay+4 SInv}
   (You found it on level 2 of the Lair of Beasts)

   It affects your dexterity (-4).
   It affects your accuracy and damage with ranged weapons and melee attacks
   (+4).
   It protects you from negative energy.
   It lets you see invisible.
 T - a +1 hat of willpower (worn)
Jewellery
 b - an uncursed ring of magical power
 c - the ring "Bofokeet" (right claw) {rPois rN+ Will++}
   (You found it in a Gauntlet)

   [ring of positive energy]

   It protects you from poison.
   It protects you from negative energy.
   It affects your willpower, your defense against some magical effects.
 l - an uncursed ring of magical power
 p - an uncursed ring of willpower
 v - an uncursed ring of positive energy
 C - an amulet of reflection (around neck)
 G - the ring "Tufoip" (left claw) {+Fly rPois Dex+4 Stlth+}
   (You acquired it on level 10 of the Dungeon)

   [ring of poison resistance]

   It affects your dexterity (+4).
   It protects you from poison.
   It lets you fly.
   It makes you more stealthy.
 M - an uncursed ring of willpower
 V - a cursed amulet of inaccuracy
 X - an uncursed ring of magical power
Wands
 a - a wand of random effects (75)
 u - a wand of flame (106)
 w - a wand of acid (5)
 x - a wand of enslavement (7)
 B - a wand of polymorph (11)
 L - a wand of disintegration (18)
 N - a wand of digging (12)
 O - a wand of iceblast (1)
Scrolls
 h - 3 scrolls of magic mapping
 n - 2 scrolls of fog
 o - 5 scrolls of amnesia
 q - 3 scrolls of blinking
 s - 7 scrolls of remove curse
 y - 2 scrolls of identify
 H - 7 scrolls of teleportation
 U - a scroll of brand weapon
Potions
 d - 15 potions of curing
 e - 7 potions of brilliance
 g - 8 potions of flight
 i - 7 potions of mutation
 j - 2 potions of resistance
 k - 3 potions of attraction
 r - 3 potions of degeneration
 z - 3 potions of heal wounds
 A - a potion of ambrosia
 E - 4 potions of cancellation
 I - 2 potions of haste
 J - 4 potions of lignification
 S - a potion of might
 W - a potion of invisibility
Miscellaneous
 Q - a condenser vane


   Skills:
 + Level 11.0 Fighting
 + Level 11.0 Dodging
 - Level 2.4 Shields
 * Level 16.9 Unarmed Combat
 - Level 7.0 Spellcasting


You had 28 spell levels left.
You didn't know any spells.
Your spell library contained the following spells:

 Spells                   Type           Power        Failure   Level
 Apportation              Tloc           2%           54%         1
 Freeze                   Ice            4%           54%         1
 Pain                     Necr           4%           54%         1
 Sting                    Tmut/Pois      4%           54%         1
 Poisonous Vapours        Pois/Air       2%           69%         2
 Confusing Touch          Hex            1%           89%         3
 Conjure Flame            Conj/Fire      1%           89%         3
 Frozen Ramparts          Ice            2%           89%         3
 Gell's Gravitas          Tloc           0%           89%         3
 Ignite Poison            Fire/Tmut/Pois 1%           89%         3
 Lesser Beckoning         Tloc           0%           89%         3
 Mephitic Cloud           Conj/Pois/Air  1%           89%         3
 Ozocubu's Armour         Ice            1%           89%         3
 Portal Projectile        Hex/Tloc       2%           89%         3
 Vampiric Draining        Necr           0%           89%         3
 Hailstorm                Conj/Ice       1%           100%        4
 Olgreb's Toxic Radiance  Pois           1%           100%        4
 Passage of Golubria      Tloc           N/A          100%        4
 Petrify                  Tmut/Erth      1%           100%        4
 Agony                    Necr           1%           100%        5
 Alistair's Intoxication  Tmut/Pois      0%           100%        5
 Fireball                 Conj/Fire      0%           100%        5
 Metabolic Englaciation   Hex/Ice        0%           100%        5
 Yara's Violent Unravell  Hex/Tmut       0%           100%        5
 Freezing Cloud           Conj/Ice/Air   0%           100%        6
 Invisibility             Hex            1%           100%        6
 Starburst                Conj/Fire      0%           100%        6
 Ignition                 Fire           0%           100%        8
 Animate Skeleton         Necr           Unusable     N/A         1
 Summon Small Mammal      Summ           Unusable     N/A         1
 Call Imp                 Summ           Unusable     N/A         2
 Call Canine Familiar     Summ           Unusable     N/A         3
 Summon Guardian Golem    Hex/Summ       Unusable     N/A         3
 Tukima's Dance           Hex            Unusable     N/A         3
 Animate Dead             Necr           Unusable     N/A         4
 Summon Ice Beast         Ice/Summ       Unusable     N/A         4
 Summon Lightning Spire   Summ/Air       Unusable     N/A         4
 Summon Forest            Summ/Tloc      Unusable     N/A         5
 Malign Gateway           Summ/Tloc      Unusable     N/A         7

Dungeon Overview and Level Annotations

Branches:
Dungeon (14/15)            Temple (1/1) D:6            Lair (6/6) D:8
 Shoals (0/4) Lair:2        Snake (0/4) Lair:2        Slime (0/5) Lair:5
    Orc (0/2) D:10         Vaults (0/5) D:13        Gauntlet (visited)

Altars:
Ashenzari
Cheibriados
Dithmenos
Elyvilon
Fedhas
Gozag
Hepliaklqana
Kikubaaqudgha
Makhleb
Nemelex Xobeh
Okawaru
Qazlal
Ru
Sif Muna
Trog
Uskayaw
Vehumet
Wu Jian
Xom
Yredelemnul
Zin
The Shining One

Shops:
D:8 *   D:9 *   D:10 (   D:14 (

Portals:
Trove: D:11 (give 4 potions of resistance)

Annotations:
D:14 Azrael


Innate Abilities, Weirdness & Mutations

You are too large for most types of armour.
You have claws for hands.
Your magical capacity is low. (-10% MP)
Your natural rate of healing is unusually fast.
You are covered in fur. (AC +1)
You have extremely tough skin. (AC +3)
You cannot be stealthy.
You cannot study or use magical devices.
You are hated by all.
You cannot train Armour skill.


Message History

* * * LOW HITPOINT WARNING * * *
The hell hound barely misses you.
There is a stone staircase leading up, spattered with blood here.
As you read the scroll of fear, it crumbles to dust.
You assume a fearsome visage.
Azrael is unaffected.
The hell hound is unaffected. x2; The earth elemental is unaffected.
The fire elemental is unaffected.
The deep elf mage looks frightened!
The electric eel looks frightened! x2
The fire elemental is stunned by your conviction and fails to attack.
The hell hound bites you but does no damage.
The hell hound begins to attack, but is stunned by your conviction!
Azrael screams, "No!
No!
YES!
No!"
The deep elf mage mumbles some strange words.
The deep elf mage blinks!
The hell hound stops glowing.
The hell hound bites you.
* * * LOW HITPOINT WARNING * * *
The fire elemental closely misses you. The hell hound breathes flames at you.
The blast of flame hits you! The fire burns you terribly!
You die...

###....................#
#.'.........∩..........+
#.#...##..........e.####
#.#.>..+............# .+
#.#..###............##.#
#.#....+...............+
#.#..###...........§...#
#.#..###.....h.........#
#.#........#@h...RE°°.°#
#.##.#......#E○.....#).#
#....'..............#○.e..
####.#....≈≈≈≈÷≈≈≈≈≈##..$...
#.#...≈≈≈≈≈≈≈≈≈≈≈.........
#.#≈≈≈≈≈≈≈≈≈≈≈≈≈;≈≈≈≈.....
##.#≈≈≈≈≈≈≈≈≈≈≈≈≈≈≈≈≈≈..###
###≈≈≈≈≈≈≈≈≈≈≈≈≈≈≈≈≈≈≈≈≈≈.#
#≈≈≈≈≈≈≈≈≈≈≈≈≈≈≈≈≈≈≈≈≈≈≈


You could see Azrael (slow), an earth elemental (summoned), a deep elf mage
(fleeing), a fire elemental, 2 hell hounds and an electric eel (fleeing).

Vanquished Creatures
  Gastronok (Lair:3)
  3 dire elephants (Lair:6)
  A minotaur (Gauntlet)
  Snorg (Lair:4)
  Josephine (D:13)
  8 hydras
  2 boulder beetles
  A vault guard (D:13)
  2 centaur warriors (D:13)
  An anaconda (Lair:6)
  Erica (D:8)
  6 death yaks
  2 two-headed ogres
  A tengu warrior (D:13)
  Nergalle (Lair:4)
  2 large abominations (Gauntlet)
  3 unseen horrors
  Pikel (D:7)
  3 ugly things
  A manticore (D:11)
  A deep elf mage (D:13)
  2 cyclopes
  Joseph (D:8)
  16 elephants
  6 black mambas
  Maurice (D:8)
  3 gargoyles
  14 cane toads
  A centaur skeleton (D:13)
  2 kobold demonologists
  10 komodo dragons
  2 rime drakes
  An efreet (D:13)
  4 polar bears
  3 meliai (D:13)
  4 trolls
  Grinder (D:4)
  9 slime creatures (D:12)
  A hornet (D:13)
  7 dream sheep (Lair:6)
  2 raiju (Gauntlet)
  12 blink frogs
  A shadow (D:12)
  3 water elementals
  46 yaks
  2 fire elementals (D:14)
  9 wraiths
  6 wyverns
  3 basilisks
  3 small abominations (Gauntlet)
  3 steam dragons
  4 nagas (Lair:2)
  An acid dragon (D:11)
  A soldier ant (D:13)
  12 water moccasins
  5 orc warriors
  3 ice beasts
  2 sky beasts
  11 ogres
  3 black bears
  4 phantoms
  4 necrophages
  10 centaurs
  26 wolves
  2 lemures (D:7)
  A big kobold (D:7)
  14 bullfrogs
  A gnoll sergeant (D:8)
  4 scorpions
  12 killer bees
  A wyvern skeleton (D:14)
  20 wights
  8 howler monkeys
  8 electric eels
  2 bullfrog zombies
  4 centaur zombies
  8 jellies
  9 orc priests
  12 orc wizards
  4 bullfrog skeletons
  6 hounds
  2 iguanas
  12 worker ants
  Natasha (twice) (D:2)
  A hound zombie (D:5)
  A hound skeleton (D:8)
  15 adders
  14 gnolls
  2 white imps (D:8)
  2 oozes
  4 ufetubi
  An adder zombie (D:8)
  2 adder skeletons
  5 worms
  4 dart slugs
  10 leopard geckos
  58 orcs
  11 bats
  6 giant cockroaches
  14 goblins
  5 hobgoblins
  28 jackals
  3 quokkas
  A ball python (D:3)
  7 frilled lizards
  17 kobolds
  A leopard gecko skeleton (D:4)
  6 rats
  A plant (Lair:6)
658 creatures vanquished.

Vanquished Creatures (others)
  A two-headed ogre (D:12)
  A black bear (Lair:5)
  32 fungi
  79 plants
113 creatures vanquished.

Grand Total: 771 creatures vanquished

Notes
Turn   | Place    | Note
-------+----------+-------------------------------------------
     0 | D:1      | kae the Troll Fighter began the quest for the Orb.
     0 | D:1      | Reached XP level 1. HP: 22/22 MP: 0/0
   110 | D:1      | Reached XP level 2. HP: 28/29 MP: 1/1
   441 | D:1      | Reached XP level 3. HP: 36/36 MP: 2/2
   831 | D:2      | Reached skill level 3 in Unarmed Combat
   969 | D:2      | Noticed Natasha
   976 | D:2      | Killed Natasha
   977 | D:2      | Reached XP level 4. HP: 38/44 MP: 4/4
  1020 | D:2      | Noticed Natasha
  1028 | D:2      | Killed Natasha
  1031 | D:2      | Reached skill level 1 in Spellcasting
  1092 | D:2      | Reached XP level 5. HP: 53/53 MP: 5/5
  1821 | D:3      | Reached skill level 4 in Unarmed Combat
  2057 | D:3      | Found a hide-covered altar of Uskayaw.
  2559 | D:4      | Noticed an ogre
  2561 | D:4      | Reached XP level 6. HP: 61/61 MP: 6/6
  2939 | D:4      | Found a white marble altar of Elyvilon.
  2990 | D:4      | Found a broken altar of Ashenzari.
  3266 | D:4      | Noticed Grinder
  3272 | D:4      | Killed Grinder
  3273 | D:4      | Reached skill level 5 in Unarmed Combat
  3273 | D:4      | Reached XP level 7. HP: 43/68 MP: 8/8
  3417 | D:5      | Entered Level 5 of the Dungeon
  3711 | D:5      | Reached skill level 6 in Unarmed Combat
  3828 | D:5      | Reached XP level 8. HP: 78/78 MP: 10/10
  3901 | D:5      | Found a bloodstained altar of Trog.
  3903 | D:5      | Found a snail-covered altar of Cheibriados.
  3906 | D:5      | Found a hazy altar of Hepliaklqana.
  3997 | D:5      | Found a blossoming altar of Fedhas.
  4070 | D:6      | Found a radiant altar of Vehumet.
  4268 | D:6      | Found an opulent altar of Gozag.
  4578 | D:6      | Reached skill level 7 in Unarmed Combat
  4665 | D:6      | Found a staircase to the Ecumenical Temple.
  4885 | D:6      | Found a shimmering altar of Xom.
  5185 | D:6      | Reached skill level 5 in Fighting
  5291 | Temple   | Entered the Ecumenical Temple
  5388 | Temple   | Became a worshipper of Ru the Awakened
  5487 | D:7      | Noticed Pikel
  5535 | D:7      | Reached skill level 5 in Dodging
  5535 | D:7      | Reached XP level 9. HP: 23/88 MP: 12/12
  5786 | D:7      | Reached skill level 8 in Unarmed Combat
  6120 | D:7      | Found a burning altar of Makhleb.
  6386 | D:7      | Found a burning altar of Makhleb.
  6452 | D:7      | Killed Pikel
  6453 | D:7      | Reached skill level 9 in Unarmed Combat
  6823 | D:8      | Noticed Erica
  6842 | D:8      | Killed Erica
  6843 | D:8      | Reached XP level 10. HP: 98/98 MP: 14/14
  6928 | D:8      | Noticed Maurice
  7003 | D:8      | Found a shimmering blue altar of Sif Muna.
  7006 | D:8      | Found a basalt altar of Yredelemnul.
  7036 | D:8      | Noticed Joseph
  7469 | D:8      | Gained mutation: You cannot train Armour skill. [Ru
                  | sacrifice]
  7469 | D:8      | Reached * piety under Ru
  7639 | D:8      | Found Ococoh's General Store.
  7722 | D:8      | Killed Joseph
  7801 | D:8      | Found a staircase to the Lair.
  7821 | D:8      | Reached skill level 10 in Unarmed Combat
  7937 | D:8      | Noticed a two-headed ogre
  7942 | D:8      | Killed a two-headed ogre
  8130 | D:9      | Noticed a boulder beetle
  8221 | D:9      | Noticed a two-headed ogre
  8226 | D:9      | Killed a two-headed ogre
  8505 | D:9      | Reached XP level 11. HP: 99/105 MP: 17/17
  8627 | D:9      | Found an ornate altar of the Wu Jian Council.
  8642 | D:9      | Found Mefia's Assorted Antiques.
  8692 | D:9      | Reached skill level 11 in Unarmed Combat
  8788 | D:9      | Killed a boulder beetle
  9154 | D:9      | Found an ornate altar of the Wu Jian Council.
  9169 | D:9      | Found Mefia's Assorted Antiques.
  9490 | D:9      | Found an ornate altar of the Wu Jian Council.
  9495 | D:9      | Found Mefia's Assorted Antiques.
  9818 | D:9      | Found an ornate altar of the Wu Jian Council.
  9833 | D:9      | Found Mefia's Assorted Antiques.
 10125 | D:8      | Found Ococoh's General Store.
 10172 | D:8      | Found a staircase to the Lair.
 10233 | D:8      | Found a shimmering blue altar of Sif Muna.
 10234 | D:8      | Found a basalt altar of Yredelemnul.
 10424 | D:8      | Killed Maurice
 10918 | D:10     | Entered Level 10 of the Dungeon
 10952 | D:10     | Killed an unseen horror
 10953 | D:10     | Reached skill level 5 in Spellcasting
 11247 | D:10     | Found Fese's Weapon Shoppe.
 11261 | D:10     | Identified a scroll of acquirement
 11261 | D:10     | Acquired the ring "Tufoip" {+Fly rPois Dex+4 Stlth+}
 11295 | D:10     | Gained mutation: You are hated by all. [Ru sacrifice]
 11295 | D:10     | Reached ** piety under Ru
 11295 | D:10     | Reached *** piety under Ru
 11631 | D:10     | Found a staircase to the Orcish Mines.
 11848 | D:11     | Noticed a boulder beetle
 11872 | D:11     | Killed a boulder beetle
 11948 | D:11     | Reached skill level 12 in Unarmed Combat
 12587 | D:11     | Found a portal to a secret trove of treasure.
 13280 | D:12     | Reached XP level 12. HP: 81/119 MP: 19/19
 13724 | D:12     | Noticed a two-headed ogre
 13734 | D:12     | Killed a two-headed ogre
 13761 | D:12     | Gained mutation: Your magical capacity is low. (-10% MP)
                  | [Ru sacrifice]
 14244 | D:12     | Reached skill level 13 in Unarmed Combat
 14602 | Lair:1   | Entered Level 1 of the Lair of Beasts
 14689 | Lair:1   | Noticed a six-headed hydra
 14795 | Lair:1   | Found a gate leading to a gauntlet.
 14912 | Gauntlet | Entered a Gauntlet
 14912 | Gauntlet | Found a transporter.
 14912 | Gauntlet | Found a transporter.
 14985 | Gauntlet | Found a transporter.
 14988 | Gauntlet | Found a transporter.
 14988 | Gauntlet | Found a transporter.
 15002 | Gauntlet | Found a transporter.
 15003 | Gauntlet | Found a transporter.
 15004 | Gauntlet | Found a large runed translucent door.
 15004 | Gauntlet | Found a transporter.
 15004 | Gauntlet | Found a transporter.
 15005 | Gauntlet | Found a large runed translucent door.
 15006 | Gauntlet | Found a large runed translucent door.
 15006 | Gauntlet | Found a large runed translucent door.
 15006 | Gauntlet | Found a runed translucent door.
 15006 | Gauntlet | Found a runed translucent door.
 15007 | Gauntlet | Found a large runed translucent door.
 15007 | Gauntlet | Found a large runed translucent door.
 15007 | Gauntlet | Found a large runed translucent door.
 15007 | Gauntlet | Found a large runed translucent door.
 15008 | Gauntlet | Found a large runed translucent door.
 15008 | Gauntlet | Found a large runed translucent door.
 15009 | Gauntlet | Found a large runed translucent door.
 15009 | Gauntlet | Found a large runed translucent door.
 15010 | Gauntlet | Found a runed translucent gate.
 15010 | Gauntlet | Found a runed translucent gate.
 15010 | Gauntlet | Found a runed translucent gate.
 15012 | Gauntlet | Found a transporter.
 15017 | Gauntlet | Found a transporter.
 15022 | Gauntlet | Found a large runed translucent door.
 15023 | Gauntlet | Found a large runed translucent door.
 15032 | Gauntlet | Found a large runed translucent door.
 15032 | Gauntlet | Found a large runed translucent door.
 15099 | Gauntlet | Found a transporter.
 15142 | Gauntlet | Identified the +6 ring mail of the Gate {Str+7 Dex+3}
 15142 | Gauntlet | Noticed a minotaur
 15457 | Gauntlet | Got a fine platinum ring
 15458 | Gauntlet | Identified the ring "Bofokeet" {rPois rN+ Will++} (You
                  | found it in a Gauntlet)
 15481 | Gauntlet | Killed a minotaur
 15496 | Gauntlet | Identified the Papyrus of Displacement
 15936 | Lair:1   | Noticed an eight-headed hydra
 15947 | Lair:1   | Killed an 11-headed hydra
 16200 | Lair:1   | Killed a seven-headed hydra
 16210 | Lair:2   | Found a staircase to the Shoals.
 16210 | Lair:2   | Found a staircase to the Snake Pit.
 16302 | Lair:2   | Reached XP level 13. HP: 130/130 MP: 19/19
 16617 | Lair:2   | Got a slimy cloak
 16628 | Lair:2   | Identified the +1 cloak of the Cricket {rN+ Dex-4 Slay+4
                  | SInv} (You found it on level 2 of the Lair of Beasts)
 16759 | Lair:2   | Reached skill level 14 in Unarmed Combat
 17062 | Lair:2   | You fall into a shaft and drop 2 floors!
 17123 | Lair:4   | Noticed Nergalle
 17760 | Lair:3   | Noticed Gastronok
 17771 | Lair:3   | Killed Gastronok
 18816 | Lair:4   | Reached skill level 15 in Unarmed Combat
 18894 | Lair:4   | Killed Nergalle
 19026 | Lair:4   | Noticed Snorg
 19037 | Lair:4   | Killed Snorg
 19096 | Lair:4   | Reached XP level 14. HP: 141/141 MP: 21/21
 19601 | Lair:5   | Gained mutation: You cannot be stealthy. [Ru sacrifice]
 19601 | Lair:5   | Reached **** piety under Ru
 19659 | Lair:5   | Reached skill level 10 in Fighting
 19823 | Lair:5   | Reached skill level 10 in Dodging
 19849 | Lair:5   | Found a staircase to the Slime Pits.
 20996 | Lair:6   | Entered Level 6 of the Lair of Beasts
 21374 | Lair:5   | Reached skill level 16 in Unarmed Combat
 21629 | Lair:6   | Gained mutation: You cannot study or use magical devices.
                  | [Ru sacrifice]
 21629 | Lair:6   | Reached ***** piety under Ru
 22972 | D:13     | Noticed Josephine
 22984 | D:13     | Killed Josephine
 23253 | D:13     | Reached XP level 15. HP: 120/152 MP: 21/21
 23990 | D:13     | Found a gate to the Vaults.
 24138 | D:14     | Found Tinnayc's Weapon Shoppe.
 24485 | D:14     | Noticed Azrael
 24508 | D:14     | Killed from afar by a hell hound

Illustrated notes

Levels and vault maps discovered:
D:1:      heliophobic_arrival_battle_scene, layout_loops_ring
D:2:      layout_basic, uniq_natasha
D:3:      layout_basic, nicolae_overflow_hidden_temple, serial_curves,
          eino_curves_03, eino_curves_03
D:4:      layout_basic, elyvilon_altar_4, nicolae_ashenzari_panopticon,
          uniq_grinder
D:5:      layout_rooms, lemuel_coloured_pillars_altar,
          grunt_temple_overflow_open, kennysheep_generic_room_11
D:6:      layout_loops_corners, brannock_xom_greatest_gift,
          general_overflow_altar, minmay_temple_entry_mini_moons, minivault_14,
          vehumet_altar_wand_db
D:7:      layout_rooms, grunt_ogre_cave, st_stairs_2, chequers_arboretum,
          lemuel_tele_altar, uniq_pikel
D:8:      minmay_skewed_foursquare, layout_gridville, minitemple,
          david_lair_shrubbed, serial_shops, nicolae_shop_statue_plus,
          uniq_erica, uniq_maurice, uniq_joseph
D:9:      layout_cave_pools, pdpol_wu_jian_five_deadly_venoms, serial_shops,
          nicolae_shop_overgrown_old_shop
D:10:     layout_basic, hiddenorc1_lemuel, serial_shops, shop
D:11:     layout_irregular_city, serial_co_window_serial, co_window_cross_1,
          co_window_paths_b, co_window_paths_a, co_window_paths_b,
          co_window_paths_a, co_window_corner_a, co_window_corner_ca,
          co_window_paths_c, co_window_of_opportunity_b, co_window_2corner,
          co_window_2corner, co_window_corner_b, glass_columns_a,
          nicolae_trove_entry_crystal
D:12:     minmay_recursive_quarters, layout_basic
D:13:     layout_grid_maze, david_vaults_5, uniq_josephine
D:14:     layout_basic, serial_shops, shop, serial_rivers,
          chequers_serial_rivers_small_b, chequers_serial_rivers_small_b,
          chequers_serial_rivers_micro_d, chequers_serial_rivers_small_b,
          st_stairs_14, minmay_hidden_floor, uniq_jorgrun, uniq_azrael
Temple:   compressed_dpeg_circular_temple
Lair:1:   layout_cave_pods, gauntlet_entry_generic
Lair:2:   layout_roguey, shoals_dummy_entry, minmay_snake_entry_guardpost_small
Lair:3:   layout_layer_cave, serial_bayou_shore_a, lemuel_fruit_tree,
          grunt_megastairs_5, uniq_gastronok
Lair:4:   layout_regular_city, serial_forest, infiniplex_forest_lined_3,
          infiniplex_forest_straight_3, infiniplex_forest_corner_1,
          infiniplex_forest_corner_1, infiniplex_forest_end_3,
          infiniplex_forest_lined_3_way, uniq_snorg, uniq_nergalle
Lair:5:   layout_layer_cave, nicolae_slime_entry_slimehenge, serial_rivers,
          chequers_serial_rivers_small_a, chequers_serial_rivers_micro_e,
          chequers_serial_rivers_small_a, chequers_serial_rivers_micro_c,
          chequers_serial_rivers_large_b
Lair:6:   due_jungle_book, layout_loops_ring, infiniplex_staircase_pool_2,
          lemuel_fruit_fields

Skill      XL: |  1  2  3  4  5  6  7  8  9 10 11 12 13 14 15 |
---------------+----------------------------------------------+-----
Unarmed Combat | 3 4 5 6 7 9 10 12 13 15 16 | 16.9
Fighting       | 3 4 5 6 7 8 9 10 11 | 11.0
Dodging        | 3 4 5 6 7 8 9 10 11 | 11.0
Spellcasting   | 1 2 3 4 5 6 7 |  7.0
Shields        | |  2.4

Action                   |  1- 3 |  4- 6 |  7- 9 | 10-12 | 13-15 || total
-------------------------+-------+-------+-------+-------+-------++-------
Melee: Unarmed           |   139 |   213 |   383 |   683 |   764 ||  2182
       Punch             |       |     3 |    15 |    52 |    79 ||   149
Invok: Sacrifice Durabil |       |       |       |     1 |       ||     1
       Sacrifice Love    |       |       |       |     1 |       ||     1
       Reject Sacrifices |       |       |       |     1 |     1 ||     2
       Sacrifice Essence |       |       |       |     1 |       ||     1
       Power Leap        |       |       |       |       |     1 ||     1
       Sacrifice Stealth |       |       |       |       |     1 ||     1
       Sacrifice Artific |       |       |       |       |     1 ||     1
Evoke: Wand              |       |       |       |     3 |     2 ||     5
  Use: Scroll            |     7 |       |    11 |    10 |     6 ||    34
       Potion            |       |       |     5 |     5 |       ||    10
 Stab: Sleeping          |       |     1 |       |     8 |     1 ||    10
       Invisible         |       |       |       |     2 |     4 ||     6
       Distracted        |       |       |       |     1 |     1 ||     2
       Paralysed         |       |       |       |       |     2 ||     2
Armor: Robe              |    71 |   101 |   130 |   181 |       ||   483
       Skin              |       |       |     4 |       |       ||     4
       Troll leather arm |       |       |       |    32 |    13 ||    45
       Ice dragon scales |       |       |       |       |   276 ||   276
Dodge: Dodged            |    81 |    88 |   197 |   344 |   376 ||  1086
Block: Other             |       |       |       |    31 |   132 ||   163
       Reflection        |       |       |       |       |     5 ||     5

Table legend: (Time is in decaauts)
 A = Elapsed time spent in this place.
 B = Non-inter-level travel time spent in this place.
 C = Inter-level travel time spent in this place.
 D = Time resting spent in this place.
 E = Time spent auto-exploring this place.
 F = Levels seen in this place.
 G = Mean time per level.
                   A        B        C        D        E       F      G
               +--------+--------+--------+--------+--------+-----+--------+
         Total |  24155 |  22910 |   1245 |   2818 |  16079 |  22 | 1098.0 |
       Dungeon |  16021 |  15189 |    832 |   1857 |  10635 |  14 | 1144.4 |
        Temple |    123 |     75 |     48 |      0 |     73 |   1 |  123.0 |
          Lair |   7404 |   7040 |    364 |    725 |   5219 |   6 | 1234.0 |
      Gauntlet |    605 |    605 |      0 |    236 |    152 |   1 |  605.0 |
               +--------+--------+--------+--------+--------+-----+--------+

Top non-repeatable levels by time:
     D:9: 2036 daAuts
     D:8: 2035 daAuts
  Lair:5: 1737 daAuts
  Lair:3: 1419 daAuts
    D:13: 1412 daAuts
    D:12: 1392 daAuts
    D:11: 1387 daAuts
     D:6: 1382 daAuts
     D:7: 1367 daAuts
  Lair:6: 1311 daAuts
  Lair:4: 1016 daAuts
  Lair:1: 983 daAuts
     D:3: 949 daAuts
  Lair:2: 935 daAuts
     D:2: 892 daAuts
